 Dungeon Crawl Stone Soup version 0.30.0-2-g1aa4bd4387 (webtiles) character file.

Game seed: 10256602238820361183

243 Byczy the Firebug (level 5, 0/40 HPs)
             Began as a Draconian Fire Elementalist on May 7, 2023.
             Killed from afar by Ijyb (21 damage)
             ... with a bolt of acid
             ... on level 3 of the Dungeon.
             The game lasted 00:15:14 (2173 turns).

Byczy the Firebug (Draconian Fire Elementalist)     Turns: 2173, Time: 00:15:14

Health: 0/40       AC:  7    Str: 16    XL:     5   Next: 82%
Magic:  3/9        EV: 13    Int: 17    God:
Gold:   143        SH:  0    Dex: 18    Spells: 7/10 levels left

rFire   . . .        c - +0 short sword
rCold   . . .        (no shield)
rNeg    . . .        (body armour unavailable)
rPois   .            (helmet restricted)
rElec   .            l - +1 cloak {Stlth+}
rCorr   .            (no gloves)
SInv    .            (no boots)
Will    .....        (no amulet)
Stlth   +++          e - +6 ring of strength
HPRegen 0.26/turn    p - +6 ring of dexterity
MPRegen 0.11/turn

%: no passive effects
@: no status effects
A: AC +5, unfitting armour, cold-blooded
a: no special abilities


You were on level 3 of the Dungeon.
You visited 1 branch of the dungeon, and saw 3 of its levels.

You collected 143 gold pieces.

Inventory:

Hand Weapons
 c - a +0 short sword (weapon)
Armour
 i - a +0 robe
 j - a +0 ring mail
 l - a +1 cloak of stealth (worn)
 m - a +3 leather armour
Jewellery
 e - a +6 ring of strength (left hand)
 p - a +6 ring of dexterity (right hand)
Wands
 t - a wand of roots (8)
Scrolls
 f - a scroll of fear
 n - a scroll of blinking {unknown}
 o - a scroll of noise {unknown}
 q - a scroll of amnesia {unknown}
 r - a scroll of identify {unknown}
 s - a scroll of silence {unknown}
Potions
 a - a potion of magic
 b - 2 potions of lignification {unknown}
 d - a potion of degeneration {unknown}
 g - a potion of cancellation {unknown}
 h - 2 potions of curing {unknown}
 k - a potion of flight {unknown}


   Skills:
 + Level 1.1 Fighting
 + Level 0.5 Short Blades
 + Level 3.1 Dodging
 + Level 2.3 Stealth
 + Level 3.0 Spellcasting
 + Level 2.1 Conjurations
 + Level 4.3 Fire Magic


You had 7 spell levels left.
You knew the following spells:

 Your Spells              Type           Power      Damage    Failure   Level
a - Foxfire               Conj/Fire      52%        2x1d6     4%          1
b - Scorch                Fire           34%        2d6       4%          2

Your spell library contained the following spells:

 Spells                   Type           Power      Damage    Failure   Level
 Magic Dart               Conj           36%        1d4       8%          1
 Searing Ray              Conj           18%        2d5       11%         2
 Inner Flame              Hex/Fire       9%         N/A       22%         3
 Volatile Blastmotes      Fire/Tloc      18%        2d11      22%         3
 Sublimation of Blood     Necr           2%         N/A       26%         2
 Wereblood                Tmut           2%         N/A       26%         2
 Flame Wave               Conj/Fire      13%        2d6       43%         4
 Vhi's Electric Charge    Tloc/Air       4%         N/A       45%         3
 Fulminant Prism          Conj/Hex       3%         3d5       75%         4
 Arcjolt                  Conj/Air       3%         1d13      97%         5
 Yara's Violent Unravell  Hex/Tmut       1%         3d3       99%         5
 Enfeeble                 Hex            1%         N/A       100%        7
 Summon Hydra             Summ           1%         N/A       100%        7
 Maxwell's Capacitive Co  Air            1%         ∞         100%        8


Dungeon Overview and Level Annotations

Branches:
Dungeon (3/15)

Altars:

Annotations:
D:3 1 transporter, Ijyb


Innate Abilities, Weirdness & Mutations

Your plain brown scales are hard. (AC +5)
You cannot fit into any form of body armour.
You are cold-blooded and may be slowed by cold attacks.


Message History

You conjure some foxfire!
The foxfire hits the goblin.
You kill the goblin!
The foxfire hits the goblin.
You kill the goblin!
Casting: Foxfire (safe; 4% risk of failure)
Confirm with . or Enter, or press ? or * to list all spells.
You conjure some foxfire!
Your foxfire dissipates!
The foxfire hits the goblin.
You kill the goblin!
Casting: Foxfire (safe; 4% risk of failure)
Confirm with . or Enter, or press ? or * to list all spells.
You conjure some foxfire!
Ijyb screams, "Me very upset!"
Your foxfire dissipates!
The foxfire hits the goblin.
You kill the goblin!
Casting: Foxfire (safe; 4% risk of failure)
Confirm with . or Enter, or press ? or * to list all spells.
You conjure some foxfire!
The foxfire hits the goblin.
The goblin is severely wounded.
The foxfire hits the goblin.
You kill the goblin!
Ijyb zaps a wand.
The bolt of acid hits you!
Casting: Foxfire (safe; 4% risk of failure)
Confirm with . or Enter, or press ? or * to list all spells.
You conjure some foxfire!
Your foxfire dissipates!
The foxfire hits the goblin.
The goblin is moderately wounded.
Casting: Foxfire (safe; 4% risk of failure)
Confirm with . or Enter, or press ? or * to list all spells.
You conjure some foxfire!
Ijyb zaps a wand.
The bolt of acid hits you!
The foxfire hits Ijyb but does no damage.
The foxfire hits Ijyb.
Ijyb is lightly wounded.
Ijyb zaps a wand.
The bolt of acid hits you!!
Ouch! That really hurt!
You die...

#.#.#.#.#...####.......##
#.#.#.#.................
#.#.#.#...............
#.#.<.#....<.......#.#
#.#.#.#)##............
.#.#.#.#.#..........#
#^#.#.#.##..........#
.#.#.# #.#....[.....#
#.#.# ##......@.§.# ####
#.......§.§# #.......§§§#
...#...####.# #########
#g# #.##### #..g..#######
#.#)#.8.8.8.8
#.#.).)).....


You could see Ijyb.

Vanquished Creatures
  Sigmund (D:2)
  Terence (D:2)
  2 dart slugs (D:2)
  3 ball pythons (D:1)
  7 endoplasms
  A giant cockroach (D:1)
  11 goblins
  2 hobgoblins (D:1)
  4 jackals (D:1)
  9 kobolds
  A quokka (D:1)
  3 bats
  2 frilled lizards (D:1)
  7 rats
54 creatures vanquished.

Vanquished Creatures (others)
  104 foxfires
104 creatures vanquished.

Grand Total: 158 creatures vanquished

Notes
Turn   | Place    | Note
-------+----------+-------------------------------------------
     0 | D:1      | Byczy the Draconian Fire Elementalist began the quest for
                  | the Orb.
     0 | D:1      | Reached XP level 1. HP: 14/14 MP: 3/3
    86 | D:1      | Reached XP level 2. HP: 14/20 MP: 1/5
   553 | D:1      | Reached XP level 3. HP: 26/26 MP: 3/6
  1266 | D:2      | Noticed Sigmund
  1296 | D:2      | Killed Sigmund
  1297 | D:2      | Reached skill level 1 in Fighting
  1297 | D:2      | Reached skill level 4 in Fire Magic
  1297 | D:2      | Reached XP level 4. HP: 35/35 MP: 0/8
  1297 | D:2      | Reached XP level 5. HP: 40/40 MP: 0/9
  1312 | D:2      | Learned a level 2 spell: Scorch
  1796 | D:2      | Noticed Terence
  1831 | D:2      | Killed Terence
  2119 | D:3      | Found a transporter.
  2155 | D:3      | Noticed Ijyb
  2173 | D:3      | Killed from afar by Ijyb

Illustrated notes

Levels and vault maps discovered:
D:1:      giann_bridges, layout_basic, minmay_hexomino_c4
D:2:      layout_basic, uniq_terence, uniq_sigmund
D:3:      kennysheep_the_goblin_king, layout_basic,
          gammafunk_ghost_abyssal_escape

Skill      XL: |  1  2  3  4  5 |
---------------+----------------+-----
Dodging        | 2 3 |  3.1
Stealth        | 2 |  2.3
Fighting       | 1 |  1.1
Fire Magic     | 4 |  4.3
Spellcasting   | 3 |  3.0
Conjurations   | 2 |  2.1
Short Blades   | |  0.5

Action                     |  1- 3 |  4- 6 || total
---------------------------+-------+-------++-------
  Melee: Short sword       |    46 |    26 ||    72
         Unarmed           |    13 |       ||    13
         Tailslap          |     7 |     3 ||    10
         Punch             |     1 |       ||     1
   Cast: Foxfire           |    47 |    21 ||    68
         Scorch            |       |     7 ||     7
    Use: Scroll            |       |     1 ||     1
 Armour: Skin              |    38 |     6 ||    44
  Dodge: Dodged            |    57 |    16 ||    73
